 Dungeon Crawl Stone Soup version 0.13-a0-3060-g5a62039 (webtiles) character file.

26504 Infinimo the Severer (level 12, -13/92 HPs)
             Began as a Minotaur Berserker on Sept 15, 2013.
             Was a High Priest of Trog.
             Mangled by a komodo dragon (18 damage)
             ... on Level 2 of the Lair of Beasts.
             The game lasted 00:30:50 (18448 turns).

Infinimo the Severer (Minotaur Berserker)          Turns: 18448, Time: 00:30:50

HP -13/92        AC 17     Str 23      XL: 12   Next: 93%
MP   4/4         EV 10     Int  8      God: Trog [*****.]
Gold 639         SH  0     Dex 10      Spells:  0 memorised, 11 levels left

Res.Fire  : . . .   See Invis. : .   U - +0,+2 executioner's axe (chop)
Res.Cold  : . . .   Warding    : .   u - +1 scale mail
Life Prot.: . . .   Conserve   : .   (no shield)
Res.Poison: .       Res.Corr.  : .   k - +0 wizard hat
Res.Elec. : .       Clarity    : .   L - +2 cloak
Sust.Abil.: + .     Spirit.Shd : .   f - +0 pair of gauntlets
Res.Mut.  : .       Stasis     : .   x - +0 pair of elf boots
Res.Rott. : .       Flight     : .   (no amulet)
Saprovore : . . .                    O - ring of sustain abilities
                                     C - ring of sustenance

@: non-regenerating, about to teleport, exhausted, badly diseased, slowed, very
slow, somewhat resistant to hostile enchantments, extremely unstealthy
A: retaliatory headbutt, horns 2
a: Burn Spellbooks, Berserk, Trog's Hand, Brothers in Arms, Renounce Religion


You were on level 2 of the Lair of Beasts.
You worshipped Trog.
Trog was exalted by your worship.
You were near starving.

You visited 2 branches of the dungeon, and saw 15 of its levels.
You also visited: Labyrinth.

You collected 829 gold pieces.
You spent 210 gold pieces at shops.

Inventory:

Hand weapons
 a - the +6,+6 hand axe of Purpose (quivered) {chop, rPois rN+ MR++ Dex-1}
   (You bought it in a shop on level 8 of the Dungeon)

   It inflicts extra damage upon your enemies.
   It affects your dexterity (-1).
   It protects you from poison.
   It protects you from negative energy.
   It affects your resistance to hostile enchantments.
 U - a +0,+2 executioner's axe of chopping (weapon)
Armour
 f - a +0 pair of gauntlets (worn)
 k - a +0 wizard hat (worn)
 u - a +1 scale mail (worn)
 x - a +0 pair of elven boots (worn)
 L - a +2 cloak (worn)
Magical devices
 E - a wand of digging (15)
 H - a wand of digging (12)
 M - a wand of disintegration (10)
 S - a wand of polymorph (9)
 T - a wand of disintegration (14)
Comestibles
 c - 13 bread rations
 d - a cheese
 h - 7 meat rations
 v - 2 chokos
 K - a banana
 N - a snozzcumber
 Q - 6 honeycombs
 R - 6 lemons
Scrolls
 e - 4 scrolls of teleportation
 g - 13 scrolls of remove curse
 n - a scroll of immolation
 o - a scroll of magic mapping
 t - 4 scrolls of enchant weapon I {unknown}
 B - 2 scrolls of fear
 D - a scroll of noise
 G - 2 scrolls of fog
 Y - a scroll of identify
Jewellery
 y - an uncursed ring of fire {unknown}
 A - an uncursed ring of invisibility
 C - a ring of sustenance (left hand)
 O - a ring of sustain abilities (right hand)
Potions
 b - 2 potions of confusion {unknown}
 i - 4 potions of restore abilities {unknown}
 j - a potion of magic {unknown}
 l - 3 potions of invisibility {unknown}
 m - 2 potions of resistance {unknown}
 p - 2 potions of might
 q - a potion of agility {unknown}
 r - 4 potions of heal wounds {unknown}
 s - 6 potions of curing
 w - a potion of brilliance {unknown}
 z - 3 potions of speed {unknown}
 F - a potion of strong poison {unknown}
 I - a potion of cure mutation {unknown}
 J - 2 potions of flight {unknown}
 P - a potion of poison {unknown}
 V - a potion of porridge {unknown}
 X - a potion of slowing {unknown}
Rods
 Z - a +5 rod of demonology (11/11)
   (You found it in a labyrinth)


   Skills:
 - Level 3.6 Fighting
 * Level 19.8 Axes
 + Level 12.5 Armour
 - Level 8.0 Dodging


You had 11 spell levels left.
You didn't know any spells.

Dungeon Overview and Level Annotations

Branches:
Dungeon (13/27)            Temple (0/1) D:5             Orc (0/4) D:6
   Lair (2/8) D:13

Altars:
Ashenzari
Cheibriados
Elyvilon
Fedhas
Kikubaaqudgha
Makhleb
Vehumet
Xom

Shops:
D:5 [   D:8 ((   D:13 }

Annotations:
Lair:1 exclusion: oklob plant


Innate Abilities, Weirdness & Mutations

You reflexively headbutt those who attack you in melee.
You have a pair of horns on your head.


Message History

The blink frog blinks!
The green rat bites you.
* * * LOW HITPOINT WARNING * * *
You are too berserk!
The blink frog blinks!
You feel a strong urge to attack something.
You are no longer berserk.
You are exhausted.
You feel yourself slow down.
You are near starving!
Read which item? (? for menu, Esc to quit)
As you read the scroll of teleportation, it crumbles to dust.
You feel strangely unstable.
The blink frog blinks!
The komodo dragon bites you.
* * * LOW HITPOINT WARNING * * *
You feel ill.
The blink frog blinks!
The green rat bites you!
* * * LOW HITPOINT WARNING * * *
The komodo dragon bites you!
You die...

####.##........
#..............
##.............
###..............
##.....#..........
#.#...............
######...............
#..###...............
##.rl@................
##...r.......... .....
##..r.rF.F.......
.....
#...rP........... ....
##...#r......... ...
###%#%.......... ..
##.#..ยง...........
#................
#................


You could see a komodo dragon, 2 blink frogs and 6 green rats.

Vanquished Creatures
  A minotaur (Lab)
  A hydra (Lair:1)
  Urug (D:10)
  A centaur warrior (D:8)
  An unseen horror (D:10)
  6 hill giants
  4 spiny frogs
  Grinder (D:5)
  A hydra zombie (D:12)
  2 trolls
  2 komodo dragons (Lair:1)
  2 two-headed ogres
  5 blink frogs
  A basilisk (Lair:1)
  3 water elementals (D:13)
  22 yaks
  2 sharks (D:13)
  A tarantella (shapeshifter) (D:13)
  4 hungry ghosts
  2 hill giant zombies
  6 hippogriffs
  A steam dragon (D:8)
  4 wolves (D:13)
  A necrophage (D:11)
  Edmund (D:5)
  2 soldier ants (D:11)
  A mottled dragon (D:12)
  An ice beast (D:10)
  2 black bears (D:8)
  2 porcupines (Lair:1)
  A giant goldfish (D:13)
  4 wandering mushrooms
  5 orc warriors
  9 ogres
  7 phantoms
  5 centaurs
  2 crocodiles
  2 water moccasins
  12 giant frogs
  2 agate snails (Lair:1)
  A manticore skeleton (D:8)
  5 killer bees
  A troll zombie (D:6)
  A jellyfish (D:13)
  A wight (D:8)
  An electric eel (D:13)
  A troll skeleton (D:9)
  12 crimson imps
  5 goliath beetles
  2 quasits
  3 jellies
  2 centaur skeletons
  A giant frog skeleton (D:5)
  A centaur zombie (D:9)
  6 orc priests
  10 hounds
  A big fish (D:13)
  A giant frog zombie (D:12)
  3 iguanas
  3 scorpions
  A spider (D:11)
  A water moccasin skeleton (D:9)
  11 worker ants
  8 orc wizards
  A sheep (D:13)
  A big kobold zombie (D:9)
  5 ogre zombies
  A hound zombie (D:11)
  A gnoll (D:8)
  27 green rats
  12 adders
  2 giant centipedes
  2 giant mites
  5 worms
  An inept feature mimic (D:6)
  An adder skeleton (D:8)
  3 giant eyeballs
  40 orcs
  A bat zombie (D:5)
  4 giant cockroaches
  17 goblins
  16 hobgoblins
  2 ball pythons
  19 bats
  6 giant geckos
  8 giant newts
  3 goblin zombies (D:6)
  A hobgoblin skeleton (D:8)
  A hobgoblin zombie (D:6)
  17 jackals
  10 kobolds
  A kobold zombie (D:6)
  3 orc skeletons (D:6)
  12 orc zombies
  3 quokkas
  18 rats
  A rat skeleton (D:8)
460 creatures vanquished.

Vanquished Creatures (collateral kills)
  2 hydras
  A hill giant (D:12)
  A crimson imp (D:12)
4 creatures vanquished.

Vanquished Creatures (others)
  A two-headed ogre (Lair:1)
  A fungus (Lair:1)
2 creatures vanquished.

Grand Total: 466 creatures vanquished

Notes
Turn   | Place    | Note
--------------------------------------------------------------
     0 | D:1      | Infinimo, the Minotaur Berserker, began the quest for the Orb.
     0 | D:1      | Reached XP level 1. HP: 19/19 MP: 0/0
   274 | D:1      | Reached XP level 2. HP: 23/26 MP: 0/0
   410 | D:1      | Reached skill level 4 in Axes
   729 | D:1      | Acquired Trog's second power
   926 | D:2      | Reached XP level 3. HP: 31/33 MP: 1/1
  1475 | D:2      | Reached skill level 5 in Axes
  1608 | D:3      | Reached XP level 4. HP: 35/39 MP: 1/1
  1722 | D:3      | Found a shattered altar of Ashenzari.
  1875 | D:3      | Found a blossoming altar of Fedhas.
  2683 | D:4      | Reached skill level 6 in Axes
  2683 | D:4      | Reached XP level 5. HP: 27/46 MP: 1/1
  3376 | D:5      | Entered Level 5 of the Dungeon
  3448 | D:5      | Noticed Grinder
  3450 | D:5      | Paralysed by Grinder for 4 turns
  3459 | D:5      | Killed Grinder
  3459 | D:5      | Reached skill level 7 in Axes
  3459 | D:5      | Reached skill level 5 in Armour
  3459 | D:5      | Reached XP level 6. HP: 48/52 MP: 2/2
  3504 | D:5      | Noticed a centaur
  3515 | D:5      | Reached skill level 8 in Axes
  3518 | D:5      | Killed a centaur
  3518 | D:5      | Reached XP level 7. HP: 22/59 MP: 2/2
  3561 | D:5      | Got a transparent steel ring
  3713 | D:5      | Acquired Trog's third power
  3804 | D:5      | Found Usiwkai's Armour Shoppe.
  3808 | D:5      | Bought a +0 cloak for 15 gold pieces
  3926 | D:5      | Noticed Edmund
  3939 | D:5      | Killed Edmund
  3939 | D:5      | Reached skill level 9 in Axes
  3987 | D:5      | Found a staircase to the Ecumenical Temple.
  4156 | D:6      | Found a staircase to the Ecumenical Temple.
  4177 | D:6      | the staircase to the Ecumenical Temple was a mimic.
  4397 | D:6      | Reached XP level 8. HP: 58/66 MP: 2/2
  4442 | D:6      | Reached skill level 10 in Axes
  4700 | D:6      | Found an ancient bone altar of Kikubaaqudgha.
  4890 | D:6      | Found a staircase to the Orcish Mines.
  4901 | D:6      | Reached skill level 11 in Axes
  5360 | D:7      | Found a snail-covered altar of Cheibriados.
  5465 | D:7      | Reached XP level 9. HP: 69/72 MP: 3/3
  5628 | D:7      | Reached skill level 12 in Axes
  6097 | D:8      | Reached skill level 13 in Axes
  6570 | D:8      | Found a white marble altar of Elyvilon.
  6709 | D:8      | Found Heatat's Antique Weapon Emporium.
  6822 | D:8      | Bought a smoking hand axe for 195 gold pieces
  6823 | D:8      | Identified the hand axe of Purpose {chop, rPois rN+ MR++ Dex-1} (You bought it in a shop on level 8 of the Dungeon)
  6827 | D:8      | Reached skill level 10 in Armour
  6840 | D:8      | Found Loanu's Weapon Boutique.
  7049 | D:8      | Found a burning altar of Makhleb.
  7050 | D:8      | Found a shimmering altar of Xom.
  7159 | D:8      | Reached XP level 10. HP: 79/79 MP: 3/3
  7192 | D:8      | Noticed a hill giant
  7204 | D:8      | Reached skill level 14 in Axes
  7211 | D:8      | Killed a hill giant
  7524 | D:8      | Noticed a centaur warrior
  7538 | D:8      | Killed a centaur warrior
  7885 | D:9      | Received a gift from Trog
  7940 | D:9      | Reached skill level 15 in Axes
  8165 | D:9      | Found a flagged portal.
  8365 | D:9      | Paralysed by a giant eyeball for 3 turns
  8991 | D:10     | Entered Level 10 of the Dungeon
  9015 | D:10     | Noticed Urug
  9373 | D:10     | Killed Urug
  9664 | D:10     | Reached XP level 11. HP: 78/84 MP: 1/3
  9669 | D:10     | Reached skill level 16 in Axes
  9872 | D:10     | Killed an unseen horror
  9872 | D:10     | Reached skill level 5 in Dodging
 10011 | D:10     | Noticed a hill giant
 10017 | D:10     | Killed a hill giant
 10376 | D:10     | Noticed a hill giant
 10380 | D:10     | Killed a hill giant
 10822 | D:11     | Found a labyrinth entrance.
 10828 | Lab      | Entered a labyrinth
 11232 | Lab      | Noticed a minotaur
 11240 | Lab      | Killed a minotaur
 11240 | Lab      | Reached skill level 17 in Axes
 11296 | Lab      | Got a pitted ruby amulet
 11314 | D:11     | Identified the amulet "Shryor" {Cons Str-4 Dex+1} (You found it in a labyrinth)
 11317 | D:11     | Identified a +5 rod of demonology (11/11) (You found it in a labyrinth)
 11323 | D:11     | Paralysed by you for 7 turns
 11596 | D:11     | Noticed a hill giant
 11607 | D:11     | Killed a hill giant
 12927 | D:12     | Found a radiant altar of Vehumet.
 12934 | D:12     | Noticed a hill giant
 12945 | D:12     | HP: 4/84 [hill giant/giant club (34)]
 12955 | D:12     | Killed a hill giant
 13549 | D:12     | Received a gift from Trog
 14006 | D:12     | Reached skill level 18 in Axes
 14011 | D:12     | Reached XP level 12. HP: 74/92 MP: 1/4
 14658 | D:13     | Paralysed by a giant eyeball for 3 turns
 14665 | D:13     | Paralysed by a giant eyeball for 3 turns
 14771 | D:13     | Found Oriana's Gadget Boutique.
 15747 | D:13     | Found a staircase to the Lair.
 15763 | Lair:1   | Entered Level 1 of the Lair of Beasts
 16266 | Lair:1   | Noticed a five-headed hydra
 16279 | Lair:1   | Killed a seven-headed hydra
 16279 | Lair:1   | Reached skill level 19 in Axes
 17005 | Lair:1   | Noticed a five-headed hydra
 17013 | Lair:1   | Killed a nine-headed hydra
 17697 | Lair:2   | Received a gift from Trog
 18027 | Lair:2   | Noticed a six-headed hydra
 18034 | Lair:2   | Killed a 11-headed hydra
 18448 | Lair:2   | Mangled by a komodo dragon

Action                   |  1- 3 |  4- 6 |  7- 9 | 10-12 || total
-------------------------+-------+-------+-------+-------++-------
Melee: Hand axe          |   102 |   113 |   478 |    52 ||   745
       War axe           |       |       |     3 |       ||     3
       Battleaxe         |       |       |       |   586 ||   586
       Executioner's axe |       |       |       |    90 ||    90
Invok: Trog's Hand       |       |     2 |       |       ||     2
       Berserk           |       |     1 |     8 |    10 ||    19
       Brothers in Arms  |       |       |       |     5 ||     5
Evoke: Wand              |       |       |       |    10 ||    10
  Use: Scroll            |       |     8 |    10 |    10 ||    28
       Potion            |       |       |       |     1 ||     1
